| TOP OF THE 1ST |
|
University of Florida Gators batting - Pitching for University of Georgia Bulldogs : RHP Justin Cain
|
|
Pitching: RHP Justin Cain
|
|
|
Batting: RHB Marco Morales
|
0-0: Called Strike 0-1: Ball 1-1: Ball 2-1: Ground out 5-3 (Groundball, 5S, EV 66.9 MPH)
|
|
Batting: RHB Gong-sun Law
|
0-0: Ball 1-0: Foul Ball, location: 2F 1-1: DOUBLE (Flyball, 8LXD, EV 97.5 MPH)
|
|
Batting: RHB Robert Mason
|
0-0: Ball 1-0: Ball 2-0: Foul Ball, location: 2F 2-1: Ball 3-1: Called Strike 3-2: SINGLE (Line Drive, 9LS, EV 95.0 MPH) Gong-sun Law to third Runner from 3rd tries for Home, throw by RF and OUT! 9-2
|
|
Batting: SHB Nelson Carachure
|
0-0: Called Strike 0-1: Ball Robert Mason is caught stealing 2nd base 2-6
|
| Top of the 1st over - 0 runs, 2 hits, 0 errors, 0 left on base; University of Florida 0 - University of Georgia 0 |
| BOTTOM OF THE 1ST |
|
University of Georgia Bulldogs batting - Pitching for University of Florida Gators : RHP Sam Rekowski
|
|
Pitching: RHP Sam Rekowski
|
|
|
Batting: RHB Justin Szymczyk
|
0-0: Foul Ball, location: 2F 0-1: Swinging Strike 0-2: Strikes out swinging
|
|
Batting: LHB Cole Sanchez
|
0-0: Called Strike 0-1: Swinging Strike 0-2: Ball 1-2: Strikes out looking
|
|
Batting: LHB Milton Yeo
|
0-0: Ball 1-0: Ground out 6-3 (Groundball, 6, EV 98.1 MPH)
|
| Bottom of the 1st over - 0 runs, 0 hits, 0 errors, 0 left on base; University of Florida 0 - University of Georgia 0 |
| TOP OF THE 2ND |
|
University of Florida Gators batting - Pitching for University of Georgia Bulldogs : RHP Justin Cain
|
|
Batting: SHB Nelson Carachure
|
0-0: Ball 1-0: Foul Ball, location: 2F 1-1: Foul Ball, location: 2F 1-2: Ball 2-2: Ball 3-2: Fly out, F5 (Popup, 6S, EV 81.9 MPH)
|
|
Batting: RHB Luis Cabera
|
0-0: Ball 1-0: Ball 2-0: SOLO HOME RUN (Flyball, 78XD, EV 108.1 MPH), Distance : 413 ft
|
|
Batting: SHB Pat Justice
|
0-0: Ball 1-0: Foul Ball, location: 2F 1-1: Foul Ball, location: 2F 1-2: SINGLE (Line Drive, 7S, EV 108.8 MPH)
|
|
Batting: RHB Danny Cisneros
|
0-0: Ball Pat Justice is caught stealing 2nd base 2-4 1-0: Called Strike 1-1: Ball 2-1: Foul Ball, location: 2F 2-2: Foul Ball, location: 2F 2-2: Ball 3-2: Strikes out swinging
|
| Top of the 2nd over - 1 run, 2 hits, 0 errors, 0 left on base; University of Florida 1 - University of Georgia 0 |
| BOTTOM OF THE 2ND |
|
University of Georgia Bulldogs batting - Pitching for University of Florida Gators : RHP Sam Rekowski
|
|
Batting: RHB Murilo Cunha
|
0-0: Ball 1-0: Ball 2-0: DOUBLE (Line Drive, 9LM, EV 93.1 MPH)
|
|
Batting: RHB Rodolfo Solis
|
0-0: Called Strike 0-1: Ground out 6-3 (Groundball, 56D, EV 78.8 MPH)
|
|
Batting: LHB Sloan Rayner
|
0-0: Called Strike Murilo Cunha steals 3rd base 0-1: Ball Wild Pitch! Murilo Cunha scores 1-1: Ball 2-1: SOLO HOME RUN (Flyball, 9D, EV 93.1 MPH), Distance : 362 ft
|
|
Batting: RHB Rich Gold
|
0-0: Called Strike 0-1: Fly out, F5 (Popup, 5SF, EV 80.0 MPH)
|
|
Batting: LHB Luis Mejia
|
0-0: Foul Ball, location: 2F 0-1: Called Strike 0-2: Ball 1-2: Foul Ball, location: 2F 1-2: Ball 2-2: Ball 3-2: Fly out, F9 (Flyball, 89M, EV 89.4 MPH)
|
| Bottom of the 2nd over - 2 runs, 2 hits, 0 errors, 0 left on base; University of Florida 1 - University of Georgia 2 |
| TOP OF THE 3RD |
|
University of Florida Gators batting - Pitching for University of Georgia Bulldogs : RHP Justin Cain
|
|
Batting: LHB Dave Newsome
|
0-0: Called Strike 0-1: Swinging Strike 0-2: Ball 1-2: Ball 2-2: Strikes out swinging
|
|
Batting: RHB Juan Lopez
|
0-0: Called Strike 0-1: Fly out, F9 (Line Drive, 89M, EV 100.0 MPH)
|
|
Batting: RHB Marco Morales
|
0-0: Swinging Strike 0-1: Ball 1-1: Foul Ball, location: 2F 1-2: Ball 2-2: Strikes out swinging
|
| Top of the 3rd over - 0 runs, 0 hits, 0 errors, 0 left on base; University of Florida 1 - University of Georgia 2 |
| BOTTOM OF THE 3RD |
|
University of Georgia Bulldogs batting - Pitching for University of Florida Gators : RHP Sam Rekowski
|
|
Batting: RHB James Warby
|
0-0: Foul Ball, location: 2F 0-1: Swinging Strike 0-2: Ball 1-2: SINGLE (Groundball, P, EV 88.1 MPH) (infield hit)
|
|
Batting: RHB Justin Szymczyk
|
0-0: Ball James Warby is caught stealing 2nd base 2-4 1-0: Called Strike 1-1: Ball 2-1: Fly out, F6 (Line Drive, 6, EV 71.2 MPH)
|
|
Batting: LHB Cole Sanchez
|
0-0: Called Strike 0-1: Ball 1-1: Ball 2-1: Foul Ball, location: 2F 2-2: Foul Ball, location: 2F 2-2: Ball 3-2: Base on Balls
|
|
Batting: LHB Milton Yeo
|
0-0: Ball 1-0: Foul Ball, location: 2F 1-1: Swinging Strike 1-2: Ball 2-2: Foul Ball, location: 2F 2-2: Foul Ball, location: 2F 2-2: Foul Ball, location: 2F 2-2: Foul Ball, location: 2F 2-2: Ball 3-2: Strikes out swinging
|
| Bottom of the 3rd over - 0 runs, 1 hit, 0 errors, 1 left on base; University of Florida 1 - University of Georgia 2 |
| TOP OF THE 4TH |
|
University of Florida Gators batting - Pitching for University of Georgia Bulldogs : RHP Justin Cain
|
|
Batting: RHB Gong-sun Law
|
0-0: Called Strike 0-1: Swinging Strike 0-2: Foul Ball, location: 2F 0-2: Foul Ball, location: 2F 0-2: Foul Ball, location: 2F 0-2: Ball 1-2: Ball 2-2: Foul Ball, location: 2F 2-2: Ground out 6-3 (Groundball, 6, EV 76.2 MPH)
|
|
Batting: RHB Robert Mason
|
0-0: Foul Ball, location: 2F 0-1: Ball 1-1: Ball 2-1: Foul Ball, location: 2F 2-2: Ball 3-2: Foul Ball, location: 2F 3-2: Base on Balls
|
|
Batting: SHB Nelson Carachure
|
0-0: Ball 1-0: Ball 2-0: Called Strike 2-1: Ball 3-1: SINGLE (Line Drive, 7S, EV 92.5 MPH) Robert Mason to second
|
|
Batting: RHB Luis Cabera
|
0-0: Called Strike 0-1: Ball 1-1: Grounds into double play, 4-6-3 (Groundball, 34, EV 86.9 MPH)
|
| Top of the 4th over - 0 runs, 1 hit, 0 errors, 1 left on base; University of Florida 1 - University of Georgia 2 |
| BOTTOM OF THE 4TH |
|
University of Georgia Bulldogs batting - Pitching for University of Florida Gators : RHP Sam Rekowski
|
|
Batting: RHB Murilo Cunha
|
0-0: Ball 1-0: SINGLE (Line Drive, 34D, EV 96.9 MPH)
|
|
Batting: RHB Rodolfo Solis
|
0-0: Ball 1-0: Called Strike Murilo Cunha steals 2nd base 1-1: Called Strike Murilo Cunha steals 3rd base 1-2: Ball 2-2: SINGLE (Line Drive, 78S, EV 105.0 MPH) Murilo Cunha scores
|
|
Batting: LHB Sloan Rayner
|
0-0: Fly out, F8 (Flyball, 8RM, EV 83.8 MPH)
|
|
Batting: RHB Rich Gold
|
0-0: Called Strike 0-1: Fly out, F3 (Line Drive, 3, EV 65.0 MPH) Lined into DP, U3 (Line Drive, 3, EV 63.1 MPH)
|
| Bottom of the 4th over - 1 run, 2 hits, 0 errors, 0 left on base; University of Florida 1 - University of Georgia 3 |
| TOP OF THE 5TH |
|
University of Florida Gators batting - Pitching for University of Georgia Bulldogs : RHP Justin Cain
|
|
Batting: SHB Pat Justice
|
0-0: Ball 1-0: Fly out, F8 (Flyball, 8RM, EV 83.8 MPH)
|
|
Batting: RHB Danny Cisneros
|
0-0: Foul Ball, location: 2F 0-1: Swinging Strike 0-2: Ball 1-2: Strikes out swinging
|
|
Batting: LHB Dave Newsome
|
0-0: Swinging Strike 0-1: Ball 1-1: Swinging Strike 1-2: Ball 2-2: Ball 3-2: SINGLE (Groundball, 34D, EV 96.9 MPH)
|
|
Pitching: RHP Tony Fox
|
|
|
Batting: RHB Juan Lopez
|
0-0: Ball 1-0: Called Strike Dave Newsome is caught stealing 2nd base 2-4
|
| Top of the 5th over - 0 runs, 1 hit, 0 errors, 0 left on base; University of Florida 1 - University of Georgia 3 |
| BOTTOM OF THE 5TH |
|
University of Georgia Bulldogs batting - Pitching for University of Florida Gators : RHP Sam Rekowski
|
|
Batting: LHB Luis Mejia
|
0-0: Ball 1-0: Called Strike 1-1: Swinging Strike 1-2: Foul Ball, location: 2F 1-2: Ball 2-2: Ball 3-2: Foul Ball, location: 2F 3-2: Foul Ball, location: 2F 3-2: Foul Ball, location: 2F 3-2: Strikes out swinging
|
|
Batting: RHB James Warby
|
0-0: Ball 1-0: Foul Ball, location: 2F 1-1: Ball 2-1: Ball 3-1: Called Strike 3-2: Foul Ball, location: 2F 3-2: Foul Ball, location: 2F 3-2: Foul Ball, location: 2F 3-2: Strikes out looking
|
|
Batting: RHB Justin Szymczyk
|
0-0: SINGLE (Groundball, 34D, EV 102.5 MPH)
|
|
Pitching: RHP Jeff Nadeau
|
|
|
Batting: LHB Cole Sanchez
|
0-0: Swinging Strike 0-1: Ball 1-1: Ball Justin Szymczyk steals 2nd base 2-1: Called Strike 2-2: Foul Ball, location: 2F 2-2: Ball 3-2: Ground out 4-3 (Groundball, 4, EV 100.6 MPH)
|
| Bottom of the 5th over - 0 runs, 1 hit, 0 errors, 1 left on base; University of Florida 1 - University of Georgia 3 |
| TOP OF THE 6TH |
|
University of Florida Gators batting - Pitching for University of Georgia Bulldogs : RHP Tony Fox
|
|
Batting: RHB Juan Lopez
|
0-0: Ball 1-0: Ball 2-0: Called Strike 2-1: Fly out, F8 (Flyball, 78M, EV 89.4 MPH)
|
|
Batting: RHB Marco Morales
|
0-0: SINGLE (Groundball, 34D, EV 105.6 MPH)
|
|
Batting: RHB Gong-sun Law
|
0-0: Foul Ball, location: 2F 0-1: Grounds into double play, 6-4-3 (Groundball, 6, EV 80.6 MPH)
|
| Top of the 6th over - 0 runs, 1 hit, 0 errors, 0 left on base; University of Florida 1 - University of Georgia 3 |
| BOTTOM OF THE 6TH |
|
University of Georgia Bulldogs batting - Pitching for University of Florida Gators : RHP Jeff Nadeau
|
|
Batting: LHB Milton Yeo
|
0-0: Called Strike 0-1: Foul Ball, location: 2F 0-2: Ball 1-2: Foul Ball, location: 2F 1-2: SOLO HOME RUN (Flyball, 7D, EV 99.4 MPH), Distance : 383 ft
|
|
Batting: RHB Murilo Cunha
|
0-0: Ground out 4-3 (Groundball, 4, EV 78.1 MPH)
|
|
Batting: RHB Rodolfo Solis
|
0-0: Ball 1-0: Ball 2-0: Called Strike 2-1: Ball 3-1: Foul Ball, location: 2F 3-2: Base on Balls
|
|
Batting: LHB Sloan Rayner
|
0-0: Ball 1-0: Foul Ball, location: 2F 1-1: Ball 2-1: Called Strike 2-2: Ball 3-2: Ground out 4-3 (Groundball, 34, EV 91.2 MPH) Rodolfo Solis to second
|
|
Batting: RHB Rich Gold
|
0-0: Ball 1-0: Called Strike 1-1: Ball 2-1: Foul Ball, location: 2F 2-2: Strikes out swinging
|
| Bottom of the 6th over - 1 run, 1 hit, 0 errors, 1 left on base; University of Florida 1 - University of Georgia 4 |
| TOP OF THE 7TH |
|
University of Florida Gators batting - Pitching for University of Georgia Bulldogs : RHP Tony Fox
|
|
Batting: RHB Robert Mason
|
0-0: Ball 1-0: Foul Ball, location: 2F 1-1: Ball 2-1: SOLO HOME RUN (Flyball, 9LD, EV 98.1 MPH), Distance : 373 ft
|
|
Batting: SHB Nelson Carachure
|
0-0: Ball 1-0: SOLO HOME RUN (Flyball, 7D, EV 98.1 MPH), Distance : 378 ft
|
|
Batting: RHB Luis Cabera
|
0-0: Swinging Strike 0-1: Swinging Strike 0-2: Ball 1-2: Ball 2-2: Strikes out swinging
|
|
Batting: SHB Pat Justice
|
0-0: Fly out, F4 (Popup, 4M, EV 68.8 MPH)
|
|
Batting: RHB Danny Cisneros
|
0-0: Ball 1-0: Ball 2-0: Foul Ball, location: 2F 2-1: Foul Ball, location: 2F 2-2: Ball 3-2: Foul Ball, location: 2F 3-2: SINGLE (Groundball, 4MD, EV 96.2 MPH)
|
|
Batting: LHB Dave Newsome
|
0-0: Ball 1-0: Ground out 4-3 (Groundball, 4S, EV 64.4 MPH)
|
| Top of the 7th over - 2 runs, 3 hits, 0 errors, 1 left on base; University of Florida 3 - University of Georgia 4 |
| BOTTOM OF THE 7TH |
|
University of Georgia Bulldogs batting - Pitching for University of Florida Gators : RHP Jeff Nadeau
|
|
Pitching: LHP Alex Zepeda
|
|
|
Batting: LHB Luis Mejia
|
0-0: Called Strike 0-1: Ball 1-1: Ball 2-1: Foul Ball, location: 2F 2-2: Ball 3-2: Foul Ball, location: 2F 3-2: Strikes out swinging
|
|
Pitching: LHP Adhamh Lubis
|
|
|
Batting: RHB James Warby
|
0-0: Reached on error, E6 (Groundball, 6M, EV 93.1 MPH)
|
|
Batting: RHB Justin Szymczyk
|
0-0: Foul Ball, location: 2F 0-1: Foul Ball, location: 2F 0-2: Grounds into double play, U6-3 (Groundball, 4M, EV 77.5 MPH)
|
| Bottom of the 7th over - 0 runs, 0 hits, 1 error, 0 left on base; University of Florida 3 - University of Georgia 4 |
| TOP OF THE 8TH |
|
University of Florida Gators batting - Pitching for University of Georgia Bulldogs : RHP Tony Fox
|
|
Pitching: RHP Alex Vasquez
|
|
|
Batting: RHB Juan Lopez
|
0-0: Ball 1-0: Ground out 6-3 (Groundball, 56, EV 103.1 MPH)
|
|
Batting: RHB Marco Morales
|
0-0: Ball 1-0: Swinging Strike 1-1: Ball 2-1: Ball 3-1: Swinging Strike 3-2: Ground out 4-3 (Groundball, 34, EV 93.8 MPH)
|
|
Batting: RHB Gong-sun Law
|
0-0: Ball 1-0: Ball 2-0: Called Strike 2-1: Foul Ball, location: 2F 2-2: Foul Ball, location: 2F 2-2: Strikes out swinging
|
| Top of the 8th over - 0 runs, 0 hits, 0 errors, 0 left on base; University of Florida 3 - University of Georgia 4 |
| BOTTOM OF THE 8TH |
|
University of Georgia Bulldogs batting - Pitching for University of Florida Gators : LHP Adhamh Lubis
|
|
Batting: LHB Cole Sanchez
|
0-0: Foul Ball, location: 2F 0-1: Swinging Strike 0-2: Foul Ball, location: 2F 0-2: Ball 1-2: Foul Ball, location: 2F 1-2: Ball 2-2: Ground out 4-3 (Groundball, 4, EV 83.1 MPH)
|
|
Batting: LHB Milton Yeo
|
0-0: Ball 1-0: Foul Ball, location: 2F 1-1: SINGLE (Flyball, 78S, EV 93.8 MPH)
|
|
Batting: RHB Murilo Cunha
|
0-0: Fly out, F4 (Line Drive, 4M, EV 65.0 MPH)
|
|
Batting: RHB Rodolfo Solis
|
0-0: Foul Ball, location: 2F 0-1: Foul Ball, location: 2F 0-2: Ground out 4-3 (Groundball, 4S, EV 71.2 MPH)
|
| Bottom of the 8th over - 0 runs, 1 hit, 0 errors, 1 left on base; University of Florida 3 - University of Georgia 4 |
| TOP OF THE 9TH |
|
University of Florida Gators batting - Pitching for University of Georgia Bulldogs : RHP Alex Vasquez
|
|
Pitching: RHP Bill Maher
|
|
|
Now at 1B: Sloan Rayner
|
|
|
Now in LF: Edwin Zavala
|
|
|
Now in RF: Cole Sanchez
|
|
|
Batting: RHB Robert Mason
|
0-0: Foul Ball, location: 2F 0-1: Ball 1-1: Foul Ball, location: 2F 1-2: Ball 2-2: Fly out, F8 (Flyball, 8RD, EV 86.2 MPH)
|
|
Batting: SHB Nelson Carachure
|
0-0: Ball 1-0: Called Strike 1-1: Fly out, F7 (Line Drive, 7, EV 93.1 MPH)
|
|
Batting: RHB Luis Cabera
|
0-0: Ball 1-0: Called Strike 1-1: Fly out, F5 (Popup, 56S, EV 83.8 MPH)
|
| Top of the 9th over - 0 runs, 0 hits, 0 errors, 0 left on base; University of Florida 3 - University of Georgia 4 |
|